 Dungeon Crawl Stone Soup version 0.31.0-9-g3a7656b989 (webtiles) character file.

Game seed: 6085929514121378027

46 qw the Shooter (level 3, 0/18 HPs)
             Began as a Spriggan Hunter on Feb 2, 2024.
             Slain by a kobold
             ... wielding a +0 whip of electrocution
              (13 damage)
             ... on level 2 of the Dungeon.
             The game lasted 00:00:04 (1650 turns).

qw the Shooter (Spriggan Hunter)                    Turns: 1650, Time: 00:00:05

Health: 0/18       AC:  2    Str: 13    XL:     3   Next: 44%
Magic:  4/4        EV: 19    Int: 10    God:
Gold:   80         SH:  0    Dex: 20    Spells: 2/2 levels left

rFire   . . .        a - +0 shortbow
rCold   . . .        (shield currently unavailable)
rNeg    . . .        c - +0 robe
rPois   .            (helmet restricted)
rElec   .            (no cloak)
rCorr   .            (gloves unavailable)
SInv    +            (boots unavailable)
Will    .....        (no amulet)
Stlth   ++           g - +6 ring of strength
HPRegen 0.23/turn    (no ring)
MPRegen 0.09/turn

%: no passive effects
@: very quick
A: very small, no large weapons, unfitting armour, see invisible, speed 3
a: no special abilities


You were on level 2 of the Dungeon.
You visited 1 branch of the dungeon, and saw 2 of its levels.

You collected 80 gold pieces.


Innate Abilities, Weirdness & Mutations

You are very small and have problems with some larger weapons.
You are too small for most types of armour.
You have supernaturally acute eyesight. (SInv)
You cover ground extremely quickly. (Speed+++)


   Skills:
 - Level 1.5 Fighting
 + Level 4.7 Ranged Weapons
 - Level 4.0 Dodging
 - Level 1.5 Stealth


You had 2 spell levels left.
You didn't know any spells.
Your spell library was empty.

Inventory:

Hand Weapons
 a - a +0 shortbow (weapon)
Armour
 c - a +0 robe (worn)
Jewellery
 g - a +6 ring of strength (left hand)
Scrolls
 b - a scroll of identify
 d - 2 scrolls of enchant armour {unknown}
 e - a scroll of brand weapon {unknown}
Potions
 f - a potion of mutation {unknown}
 i - a potion of degeneration {unknown}

Dungeon Overview and Level Annotations

Branches:
Dungeon (2/15)

Altars:


Message History

You shoot an arrow. The arrow barely misses the rat.
The rat squeaks loudly.
You shoot an arrow.
The arrow hits the rat but does no damage.
You shoot an arrow. The arrow hits the rat.
The rat is moderately wounded.
You shoot an arrow. The arrow hits the rat.
The rat is severely wounded.
You shoot an arrow. The arrow barely misses the rat.
You shoot an arrow. The arrow hits the rat!
You kill the rat!
Found a book of Frost.
A goblin comes into view. It is wielding a +0 club.
You shoot an arrow. The arrow hits the goblin.
The goblin is severely wounded.
You shoot an arrow. The arrow hits the goblin.
You kill the goblin!
You see here a rat corpse.
You see here a +0 club.
You now have 80 gold pieces (gained 12).
There is a stone staircase leading up here.
There is an open door here.
There is an open door here.
You see here an adder skeleton.
A kobold comes into view.
It is wielding a +0 whip of electrocution.
You shoot an arrow. The arrow hits the kobold.
The kobold shouts!
The kobold is heavily wounded.
The kobold throws a stone.
The stone closely misses you.
You shoot an arrow. The arrow barely misses the kobold.
A bat comes into view.
You shoot an arrow. The arrow hits the bat.
The bat is heavily wounded.
The bat closely misses you. The bat barely misses you.
You shoot an arrow. The arrow closely misses the kobold.
The bat misses you. The kobold closely misses you.
The kobold hits you with a +0 whip of electrocution.
You are electrocuted!
Ouch! That really hurt!
You die...

#. #. # ## ##% ## .. # ####.% .#
### .# .# #..... #########.## b#
.. ........ ....[....#.#
##.#.#.## ###...#. #########.##
#.K.....# ##.##. #####.### #@# .#
#.... # #.......# #.# #.### ####.
## #.###.#.# #.# ....# ##.. .##
#.#...#.# #.# #.#.# ##...
..###.#..##.# #.#####.#.# ##....
...##.#...#.####.........###.....
...'.......................+..>..
...####...###########....###.....
..## #..## ########.#.# ##....


You could see a bat and a kobold.

Vanquished Creatures
  An adder (D:2)
  A dart slug (D:2)
  3 bats
  5 endoplasms
  A giant cockroach (D:2)
  A hobgoblin (D:1)
  2 jackals (D:2)
  2 ball pythons (D:1)
  3 frilled lizards
  6 goblins
  5 kobolds
  3 rats
33 creatures vanquished.

Notes
Turn   | Place    | Note
-------+----------+-------------------------------------------
     0 | D:1      | qw the Spriggan Hunter began the quest for the Orb.
     0 | D:1      | Reached XP level 1. HP: 10/10 MP: 2/2
     0 | D:1      | 0 ||| qw: Version: 0.3-a-155-g5e7d8dd
     0 | D:1      | 0 ||| qw: Game counter: 2668
     0 | D:1      | 0 ||| qw: Melee chars always use a shield: true
     0 | D:1      | 0 ||| qw: God list: Okawaru
     0 | D:1      | 0 ||| qw: Allow faded altars: false
     0 | D:1      | 0 ||| qw: Do Orc after clearing Dungeon:15 true
     0 | D:1      | 0 ||| qw: Do second Lair branch before Depths: true
     0 | D:1      | 0 ||| qw: Lair rune preference: random
     0 | D:1      | 0 ||| qw: Goals: Normal
     0 | D:1      | 0 ||| PLANNING D:1-11
    98 | D:1      | Reached skill level 3 in Dodging
   124 | D:1      | Reached XP level 2. HP: 14/14 MP: 3/3
   665 | D:1      | 665 ||| UPGRADING to +6 ring of strength.
   666 | D:1      | 666 ||| READING 2 scrolls labelled OHIGGULOQAT.
   767 | D:1      | 767 ||| READING scroll labelled LAIRESAQIO.
   768 | D:1      | 768 ||| READING scroll labelled PAYHIFFUUSCH.
   768 | D:1      | 768 ||| IDENTIFYING inky potion
   769 | D:1      | 769 ||| DROPPING scroll of butterflies.
   770 | D:1      | 770 ||| DROPPING scroll of vulnerability.
   771 | D:1      | 771 ||| DROPPING potion of ambrosia.
  1047 | D:2      | 1047 ||| FLEEEEING.
  1050 | D:2      | 1050 ||| FLEEEEING.
  1051 | D:2      | 1051 ||| FLEEEEING.
  1060 | D:2      | Reached XP level 3. HP: 12/18 MP: 4/4
  1149 | D:2      | Found a faded altar of an unknown god.
  1650 | D:2      | Slain by a kobold

Levels and vault maps discovered:
D:1:      dpeg_arrival_simpleton_a, layout_loops_ring,
          chequers_serial_rivers_marsh, serial_park_tiny_2, grunt_decor_junction
D:2:      layout_loops_corners, shapermc_ecumenical_altar_mp_ritualfount

Skill      XL: |  1  2 |
---------------+-------+-----
Dodging        | 3 4 |  4.0
Fighting       | |  1.5
Ranged Weapons | |  4.7
Stealth        | |  1.5

Action                     || total
---------------------------++-------
   Fire: Shortbow          ||    74
    Use: Scroll            ||     3
 Armour: Robe              ||     8
  Dodge: Dodged            ||    16

Table legend:
 A = Non-vault XP
 B = Vault XP
 C = Vault XP percentage of total XP
 D = Non-vault monster count
 E = Vault monster count
 F = Vault count percentage of total count
                 A         B        C        D         E       F
            +---------+---------+-------+---------+---------+-------
      Total |      66 |       0 |   0.0 |      33 |       0 |   0.0
            +---------+---------+-------+---------+---------+-------
        D:1 |      25 |       0 |   0.0 |      17 |       0 |   0.0
        D:2 |      41 |       0 |   0.0 |      16 |       0 |   0.0
            +---------+---------+-------+---------+---------+-------
